 Dungeon Crawl Stone Soup version 0.15.2 (webtiles) character file.

1430 DeXoteric the Cleaver (level 8, 0/64 HPs)
             Began as a Minotaur Berserker on Jan 7, 2015.
             Was an Elder of Trog.
             Slain by an orc warrior
             ... wielding a +0 battleaxe
              (20 damage)
             ... on Level 6 of the Dungeon.
             The game lasted 00:23:03 (6214 turns).

DeXoteric the Cleaver (Minotaur Berserker)          Turns: 6214, Time: 00:23:03

HP   0/64        AC  7     Str 24      XL: 8   Next: 44%
MP   3/3         EV  9     Int  4      God: Trog [****..]
Gold 232         SH  0     Dex 10      Spells:  0 memorised,  7 levels left

rFire  . . .     SeeInvis .     x - +1 war axe (freeze) (curse)
rCold  + . .     Clarity  .     k - +0 scale mail
rNeg   . . .     rCorr    .     (no shield)
rPois  .         rRot     .     (helmet restricted)
rElec  .         Spirit   .     (no cloak)
SustAb .         Warding  .     s - +0 pair of gloves
rMut   .         Stasis   .     (no boots)
Gourm  .                        (no amulet)
MR     .....                    (no ring)
                                t - ring of protection from cold

@: not resistant to hostile enchantments, extremely unstealthy
A: retaliatory headbutt, horns 2
a: Burn Spellbooks, Berserk, Trog's Hand, Brothers in Arms, Renounce Religion


You were on level 6 of the Dungeon.
You worshipped Trog.
Trog was greatly pleased with you.
You were not hungry.

You visited 1 branch of the dungeon, and saw 6 of its levels.

You collected 232 gold pieces.

Inventory:

Hand weapons
 x - a cursed +1 war axe of freezing (weapon)
Armour
 k - a +0 scale mail (worn)
 m - a +1 pair of gloves of archery
 s - a +0 pair of gloves (worn)
Magical devices
 d - a wand of lightning (2)
 n - a wand of fireball (3)
 u - a wand of disintegration (7)
Comestibles
 c - 7 bread rations
 f - 2 slices of pizza
 o - 3 fruits
 v - a meat ration
 A - 6 rotting chunks of centaur flesh
Scrolls
 h - 2 scrolls of remove curse
 p - a scroll of amnesia {unknown}
 r - 2 scrolls of teleportation
 y - 2 scrolls of magic mapping
 B - a scroll of enchant weapon
 C - a scroll of recharging {unknown}
Jewellery
 t - a ring of protection from cold (left hand)
Potions
 a - a potion of haste {unknown}
 b - a potion of restore abilities {unknown}
 e - a potion of berserk rage {unknown}
 g - 2 potions of brilliance
 i - a potion of resistance {unknown}
 j - 4 potions of curing
 l - 3 potions of flight
 q - a potion of might {unknown}
 w - a potion of heal wounds {unknown}


   Skills:
 - Level 3.6 Fighting
 + Level 12.6 Axes
 - Level 2.4 Armour
 - Level 2.1 Dodging


You had 7 spell levels left.
You didn't know any spells.

Dungeon Overview and Level Annotations

Branches:
Dungeon (6/15)
 Temple: D:4-7

Altars:
Ashenzari
Nemelex Xobeh
Okawaru
Qazlal


Innate Abilities, Weirdness & Mutations

You reflexively headbutt those who attack you in melee.
You have a pair of horns on your head.


Message History

You hit the orc warrior but do no damage.
The orc warrior is lightly wounded.
You closely miss the orc warrior.
You headbutt the orc warrior, but do no damage.
The orc warrior is lightly wounded.
The orc warrior hits you with a battleaxe!
You barely miss the orc warrior.
The orc warrior is lightly wounded.
The orc warrior barely misses you.
You slash the orc warrior! You freeze the orc warrior.
The orc warrior is moderately wounded.
You barely miss the orc warrior.
The orc warrior is moderately wounded.
The orc warrior hits you with a battleaxe!!
* * * LOW HITPOINT WARNING * * *
You hit the orc warrior but do no damage.
Your headbutt misses the orc warrior.
The orc warrior is moderately wounded.
The orc warrior hits you with a battleaxe!!
You die...

#.......... . ###..........
.PP.. #............ #♣....
#...####...## PP..#
#..........# ♣♣...#
#..........# ..#♣PP...
#..........#
..#.....########..........#
.g#.....#.o@..............#
#PPPP...############.####
#♣P♣....# #....# ♣PP.#.#
##'''# ♣P♣..#.#
########...## ♣PP..#.#
###§###...#§ #........
##§§§##.#.#. .'........#
#.§§§§#...#§ .>.'........#
#.§§##...#§


You could see an orc warrior.

Vanquished Creatures
  A hippogriff (D:4)
  2 ice beasts (D:6)
  A sky beast (D:4)
  An ogre (D:4)
  A centaur (D:6)
  A scorpion (D:4)
  3 wights (D:6)
  A goliath beetle (D:6)
  A jelly (D:6)
  2 crimson imps
  2 hounds (D:6)
  2 orc priests (D:3)
  A giant frog skeleton (D:4)
  An iguana (D:4)
  3 worker ants
  Jessica (D:2)
  A worker ant zombie (D:5)
  10 adders
  2 gnolls (D:6)
  A shadow imp (D:5)
  2 worms (D:2)
  4 giant geckos
  An ooze (D:1)
  4 orcs
  16 bats
  3 giant cockroaches
  12 goblins
  17 hobgoblins
  6 jackals
  3 giant newts
  12 kobolds
  An orc skeleton (D:4)
  A quokka skeleton (D:5)
  7 rats
127 creatures vanquished.

Notes
Turn   | Place    | Note
--------------------------------------------------------------
     0 | D:1      | DeXoteric, the Minotaur Berserker, began the quest for the Orb.
     0 | D:1      | Reached XP level 1. HP: 19/19 MP: 1/1
    85 | D:1      | Reached skill level 4 in Axes
   452 | D:1      | Reached XP level 2. HP: 23/26 MP: 1/1
   554 | D:1      | Found a sparkling altar of Nemelex Xobeh.
   643 | D:1      | Acquired Trog's second power
   738 | D:1      | Reached skill level 5 in Axes
   862 | D:2      | Reached XP level 3. HP: 28/31 MP: 2/2
  1202 | D:2      | Reached XP level 4. HP: 33/39 MP: 2/2
  1213 | D:2      | Reached skill level 6 in Axes
  1390 | D:2      | Noticed Jessica
  1400 | D:2      | Killed Jessica
  2126 | D:2      | Reached XP level 5. HP: 45/45 MP: 2/2
  2162 | D:3      | Found a stormy altar of Qazlal.
  2230 | D:3      | Reached skill level 7 in Axes
  2579 | D:3      | Acquired Trog's third power
  2802 | D:3      | Reached skill level 8 in Axes
  2823 | D:3      | Found a shattered altar of Ashenzari.
  2929 | D:4      | Reached XP level 6. HP: 36/51 MP: 3/3
  3303 | D:4      | Noticed an ogre
  3321 | D:4      | Killed an ogre
  3321 | D:4      | Reached skill level 9 in Axes
  3694 | D:4      | Noticed a hippogriff
  3709 | D:4      | Killed a hippogriff
  3709 | D:4      | Reached skill level 10 in Axes
  3709 | D:4      | Reached XP level 7. HP: 26/57 MP: 3/3
  3724 | D:4      | Noticed a sky beast
  3756 | D:4      | Killed a sky beast
  4055 | D:5      | Entered Level 5 of the Dungeon
  4284 | D:5      | Found an iron altar of Okawaru.
  4324 | D:5      | Received a gift from Trog
  5360 | D:6      | Reached skill level 11 in Axes
  5577 | D:6      | Found a stormy altar of Qazlal.
  5592 | D:6      | Reached XP level 8. HP: 41/64 MP: 3/3
  5703 | D:6      | Reached skill level 12 in Axes
  6171 | D:6      | Found a sparkling altar of Nemelex Xobeh.
  6214 | D:6      | Slain by an orc warrior

Action                   |  1- 3 |  4- 6 |  7- 9 || total
-------------------------+-------+-------+-------++-------
Melee: Hand axe          |    90 |   199 |    68 ||   357
       War axe           |       |       |    55 ||    55
Evoke: Wand              |       |     1 |     2 ||     3
  Use: Scroll            |       |     4 |     5 ||     9
  Eat: Chunk             |     1 |     8 |     7 ||    16
       Fruit             |       |       |     1 ||     1
